 Dungeon Crawl Stone Soup version bcrawl-1.32 (webtiles) character file.

Game seed: 1383162165434730625

219490 christianvn the Fighter (level 8, -3/75 HPs)
             Began as a Minotaur Berserker on Aug 2, 2021.
             Was an Elder of Trog.
             Slain by a yak (5 damage)
             ... while petrified by a basilisk
             ... on level 7 of the Dungeon.
             The game lasted 00:26:24 (6067 turns).

christianvn the Fighter (Minotaur Berserker)        Turns: 6067, Time: 00:26:24

Health: -3/75      AC: 11    Str: 24    XL:     8   Next: 51%
Magic:  7/7        EV:  2    Int:  7    God:    Trog [****..]
Gold:   271        SH:  0    Dex: 10    Spells: 7/7 levels left

rFire    + . .     SeeInvis .   t - +9 quarterstaff "Xoin" {drain, *Drain rPois rF+ Int+3}
rCold    . . .     Gourm    .   (shield currently unavailable)
rNeg     + + +     Faith    .   q - +0 chain mail
rPois    ∞         Spirit   .   (helmet restricted)
rElec    .         Reflect  .   (no cloak)
rCorr    .         Harm     .   (no gloves)
MR       .....                  y - +0 pair of boots
Stlth    ..........             (no amulet)
HPRegen  0.22/turn              (no ring)
MPRegen  0.10/turn              (no ring)

@: petrified
A: retaliatory headbutt, horns 2
a: Berserk, Trog's Hand, Brothers in Arms, Renounce Religion


You were on level 7 of the Dungeon.
You worshipped Trog.
Trog was greatly pleased with you.
You were hungry.

You visited 1 branch of the dungeon, and saw 7 of its levels.

You collected 334 gold pieces.
You spent 63 gold pieces at shops.

Inventory:

Hand Weapons
 o - a +0 short sword of venom
 t - the +9 quarterstaff "Xoin" (weapon) {drain, *Drain rPois rF+ Int+3}
   (You found it on level 5 of the Dungeon)

   A truly terrible weapon, it drains the life of those it strikes.
   It affects your intelligence (+3).
   It protects you from fire.
   It protects you from poison.
   It causes draining when unequipped.
 v - a +0 broad axe
Missiles
 s - 276 poisoned tomahawks (quivered)
Armour
 f - a +1 medium shield
 q - a +0 chain mail (worn)
 y - a +0 pair of boots (worn)
Wands
 u - a wand of polymorph (16)
 w - a wand of enslavement (5)
Scrolls
 a - a scroll of enchant weapon {unknown}
 c - a scroll of immolation {unknown}
 d - 3 scrolls of enchant armour
 g - 2 scrolls of blinking
 h - 2 scrolls of teleportation
 j - a scroll of fear
 n - 2 scrolls of remove curse
Potions
 b - a potion of cancellation {unknown}
 i - 2 potions of heal wounds {unknown}
 k - 2 potions of brilliance {unknown}
 l - a potion of resistance {unknown}
 m - 4 potions of curing {unknown}
 p - a potion of lignification {unknown}
 r - a potion of ambrosia {unknown}
 x - a potion of agility {unknown}
Comestibles
 e - 19 rations {!d}


   Skills:
 - Level 8.7 Fighting
 - Level 5.6 Axes
 - Level 5.0 Armour
 - Level 4.4 Dodging
 + Level 6.3 Shields
 * Level 0.4 Evocations


You had 7 spell levels left.
You didn't know any spells.
Your spell library was empty.

Dungeon Overview and Level Annotations

Branches:
Dungeon (7/12)             Temple (0/1) D:5
   Lair: D:7-9

Altars:
Dithmenos
Elyvilon
Gozag
Hepliaklqana
Kikubaaqudgha
Nemelex Xobeh
Okawaru
Ru
Uskayaw
Wu Jian
Xom
Zin

Shops:
D:4 [?(%

Annotations:
D:6 exclusion: oklob plant


Innate Abilities, Weirdness & Mutations

You reflexively headbutt those who attack you in melee.
You have a pair of horns on your head.


Message History

* * * LOW HITPOINT WARNING * * *
The yak gores you.
* * * LOW HITPOINT WARNING * * *
The porcupine barely misses you.
The porcupine bites you but does no damage.
The yak gores you but does no damage. The porcupine bites you.
The basilisk bites you.
* * * LOW HITPOINT WARNING * * *
The yak gores you.
* * * LOW HITPOINT WARNING * * *
The porcupine bites you but does no damage.
The yak gores you.
* * * LOW HITPOINT WARNING * * *
The porcupine bites you but does no damage.
The porcupine bites you!
* * * LOW HITPOINT WARNING * * *
The basilisk bites you!
* * * LOW HITPOINT WARNING * * *
The yak gores you!
You die...

.#. ## ####$.. .
<......
#.##.......
.####.#........
<..
................
...
..#....#........
..
......lr@YZ...#.
.
.....#trYl......
.##
......Z#Y.......
...
......(.........
...
.....t.W........
#..
.PP.....!.......
#..
...............#
#..
....♣..P.......#
...
..P....P.......#
###


You could see 3 yaks, a phantom, 2 basilisks, 2 crocodiles, 2 porcupines and 2
bullfrog skeletons.

Vanquished Creatures
  A black bear (D:6)
  An orc warrior (D:6)
  2 sky beasts
  An ogre (D:5)
  2 centaurs
  A bullfrog (D:6)
  2 scorpions (D:5)
  2 howler monkeys (D:6)
  2 hounds (D:6)
  3 orc priests (D:6)
  A bullfrog zombie (D:6)
  A centaur skeleton (D:4)
  An orc wizard (D:6)
  7 worker ants
  3 gnolls (D:4)
  A howler monkey skeleton (D:4)
  5 adders
  2 shadow imps
  2 oozes
  An adder skeleton (D:6)
  An adder zombie (D:3)
  A worm (D:2)
  3 dart slugs
  5 leopard geckos
  19 orcs
  4 ball pythons
  2 giant cockroaches
  3 goblins (D:2)
  11 hobgoblins
  6 jackals
  5 quokkas
  4 bats (D:1)
  3 frilled lizards
  A jackal skeleton (D:4)
  10 kobolds
  6 rats
  A spectral orc (D:6)
126 creatures vanquished.

Vanquished Creatures (others)
  An orc (D:7)
1 creature vanquished.

Grand Total: 127 creatures vanquished

Notes
Turn   | Place    | Note
-------+----------+-------------------------------------------
     0 | D:1      | christianvn the Minotaur Berserker began the quest for the
                  | Orb.
     0 | D:1      | Reached XP level 1. HP: 19/19 MP: 0/0
   181 | D:1      | Reached XP level 2. HP: 21/27 MP: 1/1
   354 | D:1      | Found an iron altar of Okawaru.
   877 | D:1      | Reached skill level 4 in Fighting
   998 | D:2      | Reached XP level 3. HP: 30/33 MP: 2/2
  1110 | D:2      | Reached ** piety under Trog
  1197 | D:2      | Found a faded altar of an unknown god.
  1808 | D:2      | Found a glowing silver altar of Zin.
  1941 | D:3      | Reached XP level 4. HP: 31/40 MP: 3/3
  2402 | D:3      | Noticed a sky beast
  2458 | D:3      | Killed a sky beast
  2459 | D:3      | Reached XP level 5. HP: 40/47 MP: 4/4
  2579 | D:3      | Reached skill level 5 in Fighting
  2719 | D:3      | Reached *** piety under Trog
  2720 | D:3      | Reached skill level 5 in Axes
  2989 | D:4      | Found Ebozemm's Antique Weapon Boutique.
  3064 | D:4      | Found Lomat's Armour Shoppe.
  3078 | D:4      | Reached XP level 6. HP: 41/56 MP: 5/5
  3133 | D:4      | Found Kumes's Magic Scroll Emporium.
  3385 | D:4      | Found Tev Asai's Food Shop.
  3463 | D:4      | Noticed a sky beast
  3474 | D:4      | Killed a sky beast
  3732 | D:4      | Reached skill level 5 in Armour
  3848 | D:4      | Bought a +0 medium shield for 63 gold pieces
  3858 | D:5      | Entered Level 5 of the Dungeon
  4147 | D:5      | Found a staircase to the Ecumenical Temple.
  4232 | D:5      | Reached skill level 1 in Shields
  4232 | D:5      | Reached XP level 7. HP: 62/62 MP: 6/6
  4237 | D:5      | Found an opulent altar of Gozag.
  4329 | D:5      | Got a blackened quarterstaff
  4345 | D:5      | Found a hide-covered altar of Uskayaw.
  4347 | D:5      | Found a sparkling altar of Nemelex Xobeh.
  4366 | D:5      | Reached skill level 6 in Fighting
  4741 | D:5      | Found a sacrificial altar of Ru.
  4744 | D:5      | Found an iron altar of Okawaru.
  4744 | D:5      | Found a white marble altar of Elyvilon.
  4747 | D:5      | Found a shimmering altar of Xom.
  4749 | D:5      | Found a shadowy altar of Dithmenos.
  4751 | D:5      | Found an ancient bone altar of Kikubaaqudgha.
  4752 | D:5      | Found an ornate altar of the Wu Jian Council.
  4794 | D:5      | Identified the +9 quarterstaff "Xoin" {drain, *Drain rPois
                  | rF+ Int+3} (You found it on level 5 of the Dungeon)
  4856 | D:6      | Reached skill level 7 in Fighting
  4968 | D:6      | Reached XP level 8. HP: 73/73 MP: 7/7
  5146 | D:6      | Found a glowing silver altar of Zin.
  5146 | D:6      | Noticed an oklob plant
  5242 | D:6      | Found a hazy altar of Hepliaklqana.
  5247 | D:6      | Reached **** piety under Trog
  5292 | D:6      | Reached skill level 5 in Shields
  5311 | D:6      | Reached skill level 8 in Fighting
  6030 | D:7      | Noticed a troll
  6067 | D:7      | HP: 2/75 [basilisk (4)]
  6067 | D:7      | Slain by a yak

Skill      XL: |  1  2  3  4  5  6  7  8 |
---------------+-------------------------+-----
Axes           | 4 5 |  5.6
Fighting       | 4 5 7 8 |  8.7
Armour         | 3 4 5 |  5.0
Dodging        | 3 4 |  4.4
Shields        | 1 4 6 |  6.3
Evocations     | |  0.4

Action                   |  1- 3 |  4- 6 |  7- 9 || total
-------------------------+-------+-------+-------++-------
Melee: Hand axe          |    28 |       |       ||    28
       Headbutt          |    17 |    21 |    13 ||    51
       Dagger            |    66 |    16 |       ||    82
       Short sword       |       |    85 |    15 ||   100
       Quarterstaff      |       |       |    51 ||    51
Throw: Stone             |     2 |    46 |       ||    48
       Tomahawk          |       |    10 |     7 ||    17
Invok: Trog's Hand       |       |       |     1 ||     1
  Use: Scroll            |     2 |     4 |     1 ||     7
  Eat: Chunk             |     5 |    12 |     7 ||    24
Armor: Animal skin       |     7 |     8 |       ||    15
       Ring mail         |       |    11 |       ||    11
       Chain mail        |       |       |    43 ||    43
Dodge: Dodged            |    34 |    47 |    29 ||   110
Block: Medium shield     |       |     5 |    10 ||    15
